[ AOE2 MATCH · #478444735 ]
UnrankedTeutons vs Cumans
[ REPLAY ANALYSIS · EXTRACTED FROM THE RECORDED GAME ]
Feudal
9:23
Castle
24:59
Imperial
—
| APM avg | 22.5 |
| APM peak | 46 |
| eAPM avg | 13.3 |
| Villagers / military | 104 / 0 |
Focus
⚔️ 18.6% · 🌾 81.4%
Feudal
11:32
Castle
26:29
Imperial
39:05
| APM avg | 24.7 |
| APM peak | 61 |
| eAPM avg | 14.7 |
| Villagers / military | 92 / 44 |
Focus
⚔️ 23.2% · 🌾 76.8%
Militia ×23 · Battering Ram ×8 · Knight ×5 · Spearman ×4 · Mangonel ×3 · Monk ×1
Feudal
11:15
Castle
15:03
Imperial
35:49
| APM avg | 31.6 |
| APM peak | 90 |
| eAPM avg | 22.2 |
| Villagers / military | 132 / 47 |
Focus
⚔️ 33.7% · 🌾 66.3%
Hand Cannoneer ×20 · Skirmisher ×16 · Bombard Cannon ×3 · Mangonel ×2 · Organ Gun ×2 · Trebuchet (Packed) ×2
Feudal
10:40
Castle
15:27
Imperial
39:25
| APM avg | 48.1 |
| APM peak | 84 |
| eAPM avg | 24.6 |
| Villagers / military | 115 / 43 |
Focus
⚔️ 15.2% · 🌾 84.8%
Fire Lancer ×22 · War Wagon ×18 · Petard ×3
Feudal
10:25
Castle
13:56
Imperial
29:26
| APM avg | 39.2 |
| APM peak | 78 |
| eAPM avg | 26.7 |
| Villagers / military | 135 / 102 |
Focus
⚔️ 28.2% · 🌾 71.8%
Cavalry Archer ×65 · Spearman ×32 · Monk ×3 · Trebuchet (Packed) ×2
Feudal
10:39
Castle
14:22
Imperial
31:21
| APM avg | 44.8 |
| APM peak | 70 |
| eAPM avg | 27.5 |
| Villagers / military | 154 / 154 |
Focus
⚔️ 36.4% · 🌾 63.6%
Knight ×95 · Skirmisher ×48 · Trebuchet (Packed) ×7 · Monk ×4
Feudal
9:40
Castle
13:12
Imperial
29:44
| APM avg | 39.2 |
| APM peak | 73 |
| eAPM avg | 23.5 |
| Villagers / military | 164 / 166 |
Focus
⚔️ 23.4% · 🌾 76.6%
Scout Cavalry ×85 · Mangudai ×76 · Trebuchet (Packed) ×5
Feudal
10:32
Castle
14:09
Imperial
28:52
| APM avg | 39.5 |
| APM peak | 70 |
| eAPM avg | 24.7 |
| Villagers / military | 131 / 216 |
Focus
⚔️ 37.6% · 🌾 62.4%
Tarkan ×208 · Knight ×8
Match map
Initial resources + every placement click. Lines = walls · curves = elevation contours. ◆ gold · ⬟ stone · ● berries · ✦ relic · ◌ wall gap
Your base· ✓ Closed at 24:59 · 13t walls · 9 gate(s)
JustShutUpandCarryMe's base· ✓ Closed at 26:29 · 0t walls · 3 gate(s)
Citlali's base· ✓ Closed at 15:03 · 8t walls · 2 gate(s)
Vạn Lý Độc Hành's base· ✓ Closed at 15:27 · 8t walls · 5 gate(s)
爹地给你买冰红茶喝's base· ✓ Closed at 13:56 · 0t walls · 2 gate(s)
Bakamaka's base· ✓ Closed at 14:22 · 0t walls · 2 gate(s)
叶落's base· ✓ Closed at 13:12 · 0t walls · 3 gate(s)
shikashoura's base· ✓ Closed at 14:09 · 0t walls · 3 gate(s)
Smoothed initial terrain · ◌ = detected wall gap · hover for details
Inputs per minute
— xxxyh - - JustShutUpandCarryMe
Build order — xxxyh
First 150 of 258 actions detected
| 0:02 | Create | Villager (Male) |
| 0:03 | Build | House |
| 0:05 | Build | House |
| 0:07 | Create | Villager (Male) |
| 0:08 | Create | Villager (Male) |
| 0:21 | Create | Villager (Male) |
| 1:35 | Create | Villager (Male) |
| 2:00 | Create | Villager (Male) |
| 2:13 | Build | Lumber Camp |
| 2:28 | Create | Villager (Male) |
| 2:39 | Build | House |
| 2:40 | Build | House |
| 2:53 | Create | Villager (Male) |
| 3:20 | Create | Villager (Male) |
| 3:20 | Create | Villager (Male) |
| 3:55 | Create | Villager (Male) |
| 4:19 | Create | Villager (Male) |
| 4:20 | Create | Villager (Male) |
| 4:55 | Create | Villager (Male) |
| 5:16 | Build | Mining Camp |
| 5:27 | Create | Villager (Male) |
| 5:28 | Create | Villager (Male) |
| 6:23 | Create | Villager (Male) |
| 6:25 | Research | Loom |
| 7:13 | Research | Feudal Age |
| 7:41 | Build | Mill |
| 8:25 | Create | Villager (Male) |
| 9:00 | Create | Villager (Male) |
| 9:23 | Age | Feudal Age |
| 9:25 | Build | Watch Tower |
| 10:06 | Create | Villager (Male) |
| 10:42 | Create | Villager (Male) |
| 10:43 | Create | Villager (Male) |
| 11:14 | Build | Watch Tower |
| 11:28 | Build | Blacksmith |
| 11:29 | Build | House |
| 12:04 | Build | Watch Tower |
| 12:11 | Create | Villager (Male) |
| 12:11 | Create | Villager (Male) |
| 12:41 | Build | Farm |
| 12:44 | Build | House |
| 12:48 | Research | Fletching |
| 13:23 | Build | Watch Tower |
| 13:34 | Build | Palisade Wall |
| 13:36 | Build | Palisade Wall |
| 13:37 | Build | Palisade Wall |
| 13:44 | Create | Villager (Male) |
| 13:44 | Create | Villager (Male) |
| 13:50 | Research | Double-Bit Axe |
| 14:01 | Build | Stone Wall |
| 14:01 | Build | Stone Wall |
| 14:23 | Build | Palisade Wall |
| 14:24 | Build | Palisade Wall |
| 14:29 | Create | Villager (Male) |
| 14:46 | Create | Villager (Male) |
| 15:04 | Build | Watch Tower |
| 15:08 | Create | Villager (Male) |
| 15:21 | Build | Mining Camp |
| 15:41 | Build | House |
| 16:02 | Create | Villager (Male) |
| 16:19 | Create | Villager (Male) |
| 16:23 | Build | Farm |
| 16:31 | Create | Villager (Male) |
| 16:33 | Research | Horse Collar |
| 16:57 | Create | Villager (Male) |
| 17:02 | Build | Farm |
| 17:21 | Build | Farm |
| 17:30 | Build | Farm |
| 17:35 | Create | Villager (Male) |
| 17:44 | Build | Market |
| 17:55 | Build | Farm |
| 17:57 | Build | Farm |
| 18:03 | Create | Villager (Male) |
| 18:10 | Create | Villager (Male) |
| 18:28 | Build | Farm |
| 18:33 | Build | Farm |
| 18:37 | Build | Farm |
| 18:43 | Build | House |
| 18:55 | Build | Gate |
| 19:02 | Build | Gate |
| 19:06 | Build | House |
| 19:08 | Create | Villager (Male) |
| 19:08 | Create | Villager (Male) |
| 19:11 | Build | Farm |
| 19:21 | Build | Farm |
| 19:29 | Create | Villager (Male) |
| 19:42 | Build | Gate |
| 19:46 | Build | Stone Wall |
| 19:59 | Build | Farm |
| 19:59 | Build | Farm |
| 20:01 | Build | Farm |
| 20:20 | Create | Villager (Male) |
| 20:33 | Build | House |
| 20:34 | Build | House |
| 20:39 | Build | Stone Wall |
| 20:43 | Create | Villager (Male) |
| 21:03 | Build | Stone Wall |
| 21:16 | Build | Gate |
| 21:23 | Build | House |
| 21:42 | Build | Gate |
| 21:48 | Build | House |
| 22:10 | Build | Gate |
| 22:19 | Research | Castle Age |
| 23:27 | Build | Stone Wall |
| 24:59 | Age | Castle Age |
| 26:39 | Create | Villager (Male) |
| 26:39 | Create | Villager (Male) |
| 27:14 | Build | Gate |
| 27:25 | Build | Mill |
| 27:30 | Build | Town Center |
| 27:54 | Build | Town Center |
| 28:16 | Build | Castle |
| 28:36 | Build | Mining Camp |
| 28:59 | Build | Farm |
| 29:00 | Create | Villager (Male) |
| 29:00 | Create | Villager (Male) |
| 29:32 | Build | Farm |
| 29:47 | Create | Villager (Male) |
| 29:48 | Create | Villager (Male) |
| 30:07 | Create | Villager (Male) |
| 30:07 | Create | Villager (Male) |
| 30:08 | Create | Villager (Male) |
| 30:08 | Create | Villager (Male) |
| 30:19 | Build | Farm |
| 30:24 | Build | Mill |
| 30:25 | Build | Farm |
| 30:29 | Create | Villager (Male) |
| 30:29 | Create | Villager (Male) |
| 30:51 | Create | Villager (Male) |
| 30:51 | Create | Villager (Male) |
| 30:51 | Create | Villager (Male) |
| 30:58 | Build | Farm |
| 31:06 | Create | Villager (Male) |
| 31:06 | Create | Villager (Male) |
| 31:07 | Create | Villager (Male) |
| 31:25 | Build | Farm |
| 31:26 | Build | Farm |
| 31:27 | Build | Farm |
| 31:29 | Create | Villager (Male) |
| 31:29 | Create | Villager (Male) |
| 31:29 | Create | Villager (Male) |
| 31:46 | Build | House |
| 31:47 | Build | House |
| 31:56 | Create | Villager (Male) |
| 31:56 | Create | Villager (Male) |
| 31:56 | Create | Villager (Male) |
| 32:19 | Create | Villager (Male) |
| 32:20 | Create | Villager (Male) |
| 32:25 | Research | Bow Saw |
| 32:31 | Create | Villager (Male) |
Build order — JustShutUpandCarryMe
First 150 of 278 actions detected
| 0:02 | Create | Villager (Male) |
| 0:03 | Create | Villager (Male) |
| 0:03 | Create | Villager (Male) |
| 0:04 | Build | House |
| 0:06 | Build | House |
| 0:50 | Create | Villager (Male) |
| 1:27 | Create | Villager (Male) |
| 1:27 | Create | Villager (Male) |
| 1:57 | Create | Villager (Male) |
| 1:57 | Create | Villager (Male) |
| 2:11 | Build | Lumber Camp |
| 2:12 | Create | Villager (Male) |
| 2:13 | Create | Villager (Male) |
| 2:26 | Create | Villager (Male) |
| 3:03 | Create | Villager (Male) |
| 3:03 | Create | Villager (Male) |
| 3:37 | Create | Villager (Male) |
| 3:38 | Create | Villager (Male) |
| 4:19 | Build | House |
| 4:26 | Build | House |
| 4:36 | Create | Villager (Male) |
| 4:37 | Create | Villager (Male) |
| 4:57 | Build | House |
| 5:01 | Create | Villager (Male) |
| 5:01 | Create | Villager (Male) |
| 5:52 | Build | Mill |
| 6:01 | Create | Villager (Male) |
| 6:01 | Create | Villager (Male) |
| 6:16 | Create | Villager (Male) |
| 6:16 | Create | Villager (Male) |
| 6:21 | Create | Villager (Male) |
| 6:55 | Create | Villager (Male) |
| 7:17 | Create | Villager (Male) |
| 8:30 | Create | Villager (Male) |
| 8:41 | Build | Mining Camp |
| 9:14 | Build | Farm |
| 9:16 | Build | Farm |
| 9:22 | Research | Feudal Age |
| 9:53 | Build | Barracks |
| 9:57 | Build | House |
| 10:41 | Build | Lumber Camp |
| 11:19 | Create | Villager (Male) |
| 11:32 | Age | Feudal Age |
| 11:36 | Build | Blacksmith |
| 11:37 | Research | Man-at-Arms (upgrade) |
| 11:40 | Research | Double-Bit Axe |
| 11:44 | Research | Gold Mining |
| 11:49 | Create | Villager (Male) |
| 12:04 | Create | Villager (Male) |
| 12:19 | Build | Siege Workshop |
| 12:22 | Research | Scale Mail Armor |
| 12:30 | Create | Militia |
| 12:35 | Build | Farm |
| 12:47 | Create | Villager (Male) |
| 12:54 | Create | Militia |
| 13:00 | Create | Battering Ram |
| 13:06 | Build | House |
| 13:09 | Create | Villager (Male) |
| 13:17 | Create | Battering Ram |
| 13:19 | Create | Militia |
| 13:24 | Build | Farm |
| 13:36 | Create | Villager (Male) |
| 14:00 | Build | House |
| 14:02 | Create | Villager (Male) |
| 14:04 | Research | Loom |
| 14:11 | Create | Militia |
| 14:12 | Create | Militia |
| 14:13 | Create | Battering Ram |
| 14:21 | Build | House |
| 14:26 | Create | Militia |
| 14:31 | Build | Farm |
| 14:45 | Create | Militia |
| 15:28 | Create | Villager (Male) |
| 15:34 | Create | Villager (Male) |
| 16:02 | Create | Villager (Male) |
| 16:02 | Create | Villager (Male) |
| 16:06 | Create | Militia |
| 16:07 | Create | Militia |
| 16:21 | Create | Villager (Male) |
| 16:30 | Create | Militia |
| 16:41 | Create | Militia |
| 16:48 | Create | Militia |
| 16:52 | Build | Farm |
| 16:55 | Build | Farm |
| 16:58 | Build | Farm |
| 17:01 | Create | Battering Ram |
| 17:02 | Create | Battering Ram |
| 17:14 | Create | Militia |
| 17:21 | Create | Battering Ram |
| 17:22 | Create | Villager (Male) |
| 17:25 | Build | Farm |
| 17:30 | Build | House |
| 17:31 | Build | House |
| 17:36 | Build | Farm |
| 17:37 | Build | Farm |
| 17:39 | Build | Farm |
| 17:46 | Create | Militia |
| 17:58 | Build | Farm |
| 18:00 | Build | Farm |
| 18:02 | Create | Villager (Male) |
| 18:07 | Build | House |
| 18:24 | Create | Battering Ram |
| 18:31 | Research | Town Watch |
| 18:38 | Create | Militia |
| 18:42 | Build | Farm |
| 18:50 | Create | Militia |
| 19:01 | Create | Militia |
| 19:06 | Build | House |
| 19:07 | Build | House |
| 19:12 | Create | Militia |
| 19:29 | Create | Militia |
| 19:36 | Create | Villager (Male) |
| 19:40 | Build | Farm |
| 19:48 | Create | Militia |
| 19:51 | Create | Militia |
| 20:06 | Build | Farm |
| 20:07 | Build | Farm |
| 20:09 | Build | House |
| 20:25 | Create | Militia |
| 20:42 | Create | Villager (Male) |
| 20:43 | Create | Militia |
| 21:32 | Create | Spearman |
| 21:32 | Create | Spearman |
| 21:43 | Create | Spearman |
| 22:00 | Create | Spearman |
| 22:04 | Build | Farm |
| 22:07 | Create | Villager (Male) |
| 22:34 | Create | Villager (Male) |
| 22:43 | Create | Villager (Male) |
| 22:48 | Create | Villager (Male) |
| 22:56 | Create | Villager (Male) |
| 23:11 | Build | Market |
| 23:19 | Build | House |
| 23:20 | Build | House |
| 23:46 | Research | Castle Age |
| 23:58 | Build | Town Center |
| 24:19 | Build | House |
| 24:27 | Research | Horse Collar |
| 25:04 | Build | House |
| 25:48 | Create | Villager (Male) |
| 25:51 | Build | Farm |
| 25:52 | Build | Farm |
| 25:59 | Build | Outpost |
| 26:13 | Build | House |
| 26:14 | Build | House |
| 26:16 | Create | Villager (Male) |
| 26:23 | Research | Wheelbarrow |
| 26:26 | Create | Villager (Male) |
| 26:29 | Age | Castle Age |
| 26:44 | Create | Villager (Male) |
Build order — Citlali
First 150 of 339 actions detected
| 0:00 | Create | Villager (Male) |
| 0:01 | Create | Villager (Male) |
| 0:01 | Create | Villager (Male) |
| 0:01 | Create | Villager (Male) |
| 0:02 | Build | House |
| 0:04 | Build | House |
| 1:23 | Create | Villager (Male) |
| 1:49 | Create | Villager (Male) |
| 2:08 | Build | Lumber Camp |
| 2:21 | Create | Villager (Male) |
| 2:54 | Create | Villager (Male) |
| 2:54 | Create | Villager (Male) |
| 3:31 | Create | Villager (Male) |
| 4:03 | Create | Villager (Male) |
| 4:11 | Build | House |
| 4:31 | Build | House |
| 4:41 | Create | Villager (Male) |
| 4:53 | Build | Mill |
| 5:18 | Create | Villager (Male) |
| 5:41 | Create | Villager (Male) |
| 5:58 | Create | Villager (Male) |
| 5:59 | Create | Villager (Male) |
| 6:17 | Create | Villager (Male) |
| 6:22 | Create | Villager (Male) |
| 6:23 | Create | Villager (Male) |
| 6:42 | Create | Villager (Male) |
| 6:52 | Build | Farm |
| 7:05 | Build | Farm |
| 7:32 | Create | Villager (Male) |
| 8:12 | Build | Mining Camp |
| 8:15 | Build | Mining Camp |
| 8:29 | Create | Villager (Male) |
| 8:58 | Build | Mining Camp |
| 9:05 | Research | Feudal Age |
| 10:01 | Build | Farm |
| 10:09 | Create | Villager (Male) |
| 10:09 | Create | Villager (Male) |
| 10:53 | Build | House |
| 11:15 | Age | Feudal Age |
| 11:16 | Build | Market |
| 11:20 | Build | Blacksmith |
| 12:23 | Research | Castle Age |
| 12:53 | Research | Double-Bit Axe |
| 13:15 | Research | Horse Collar |
| 13:31 | Build | Farm |
| 13:32 | Build | Farm |
| 13:46 | Create | Villager (Male) |
| 14:40 | Build | Stone Wall |
| 14:42 | Research | Loom |
| 14:42 | Research | Loom |
| 15:00 | Build | Stone Wall |
| 15:03 | Age | Castle Age |
| 15:13 | Research | Bow Saw |
| 15:15 | Build | Stone Wall |
| 15:24 | Create | Villager (Male) |
| 15:26 | Create | Villager (Male) |
| 16:31 | Build | Stone Wall |
| 16:34 | Build | Stone Wall |
| 17:06 | Build | Town Center |
| 17:43 | Build | Stone Wall |
| 18:04 | Build | Town Center |
| 18:19 | Create | Villager (Male) |
| 18:19 | Create | Villager (Male) |
| 18:21 | Build | Farm |
| 18:37 | Build | Stone Wall |
| 18:53 | Create | Villager (Male) |
| 18:54 | Create | Villager (Male) |
| 18:59 | Build | Stone Wall |
| 19:21 | Build | Siege Workshop |
| 19:36 | Build | Gate |
| 19:39 | Create | Villager (Male) |
| 19:40 | Create | Villager (Male) |
| 20:00 | Create | Mangonel |
| 20:08 | Create | Villager (Male) |
| 20:09 | Create | Villager (Male) |
| 20:20 | Build | Gate |
| 20:24 | Create | Villager (Male) |
| 20:30 | Research | Fletching |
| 20:45 | Build | House |
| 20:47 | Build | House |
| 21:04 | Build | House |
| 21:34 | Create | Villager (Male) |
| 21:34 | Create | Villager (Male) |
| 21:40 | Build | Siege Workshop |
| 21:42 | Research | Town Watch |
| 22:17 | Create | Mangonel |
| 22:50 | Build | Gate |
| 23:01 | Build | Farm |
| 23:02 | Build | Farm |
| 23:06 | Build | Town Center |
| 23:09 | Build | Town Center |
| 23:24 | Create | Battering Ram |
| 23:37 | Create | Villager (Male) |
| 23:54 | Build | Farm |
| 23:55 | Build | Farm |
| 23:59 | Build | House |
| 24:00 | Build | House |
| 24:17 | Create | Villager (Male) |
| 24:25 | Build | Farm |
| 24:27 | Create | Villager (Male) |
| 24:41 | Build | Monastery |
| 24:53 | Create | Villager (Male) |
| 24:59 | Build | Lumber Camp |
| 25:01 | Build | Farm |
| 25:05 | Create | Villager (Male) |
| 25:07 | Create | Villager (Male) |
| 25:22 | Build | Farm |
| 25:26 | Create | Villager (Male) |
| 25:33 | Build | Farm |
| 25:41 | Create | Villager (Male) |
| 25:43 | Build | Farm |
| 25:49 | Create | Monk |
| 25:52 | Build | House |
| 25:53 | Build | House |
| 26:01 | Create | Villager (Male) |
| 26:01 | Create | Villager (Male) |
| 26:05 | Build | Farm |
| 26:08 | Build | Farm |
| 26:12 | Build | Farm |
| 26:27 | Build | Farm |
| 26:34 | Create | Villager (Male) |
| 26:37 | Build | House |
| 26:37 | Build | House |
| 26:40 | Create | Villager (Male) |
| 26:46 | Build | Farm |
| 26:49 | Build | Farm |
| 26:58 | Create | Villager (Male) |
| 27:04 | Research | Wheelbarrow |
| 27:09 | Build | Farm |
| 27:11 | Build | Farm |
| 27:12 | Build | Farm |
| 27:38 | Create | Villager (Male) |
| 27:42 | Build | Farm |
| 27:52 | Create | Villager (Male) |
| 27:55 | Create | Villager (Male) |
| 28:01 | Create | Villager (Male) |
| 28:03 | Build | House |
| 28:07 | Create | Villager (Male) |
| 28:07 | Create | Villager (Male) |
| 28:08 | Create | Villager (Male) |
| 28:09 | Create | Villager (Male) |
| 28:34 | Build | House |
| 28:36 | Create | Villager (Male) |
| 28:44 | Create | Villager (Male) |
| 28:53 | Create | Villager (Male) |
| 29:04 | Build | Farm |
| 29:06 | Build | Farm |
| 29:13 | Create | Villager (Male) |
| 29:16 | Build | Farm |
| 29:17 | Build | Farm |
Build order — Vạn Lý Độc Hành
First 150 of 283 actions detected
| 0:02 | Build | House |
| 0:03 | Create | Villager (Male) |
| 0:04 | Build | House |
| 0:06 | Create | Villager (Male) |
| 0:15 | Create | Villager (Male) |
| 0:15 | Create | Villager (Male) |
| 0:16 | Create | Villager (Male) |
| 1:27 | Create | Villager (Male) |
| 1:51 | Create | Villager (Male) |
| 1:51 | Create | Villager (Male) |
| 2:35 | Build | Lumber Camp |
| 2:40 | Create | Villager (Male) |
| 2:40 | Create | Villager (Male) |
| 3:00 | Build | House |
| 3:01 | Build | House |
| 3:10 | Create | Villager (Male) |
| 3:10 | Create | Villager (Male) |
| 3:50 | Create | Villager (Male) |
| 3:51 | Create | Villager (Male) |
| 3:51 | Create | Villager (Male) |
| 4:29 | Create | Villager (Male) |
| 4:30 | Create | Villager (Male) |
| 4:30 | Create | Villager (Male) |
| 4:30 | Create | Villager (Male) |
| 5:39 | Build | Mill |
| 5:47 | Create | Villager (Male) |
| 6:11 | Create | Villager (Male) |
| 6:35 | Create | Villager (Male) |
| 6:53 | Build | Mining Camp |
| 6:54 | Create | Villager (Male) |
| 7:07 | Build | House |
| 7:21 | Build | House |
| 7:30 | Create | Villager (Male) |
| 7:41 | Create | Villager (Male) |
| 8:23 | Research | Feudal Age |
| 8:46 | Create | Villager (Male) |
| 9:22 | Build | House |
| 9:37 | Build | Palisade Wall |
| 10:35 | Create | Villager (Male) |
| 10:40 | Age | Feudal Age |
| 10:43 | Build | Watch Tower |
| 10:50 | Create | Villager (Male) |
| 10:57 | Build | Market |
| 11:10 | Build | Palisade Gate |
| 11:24 | Build | Palisade Gate |
| 11:46 | Research | Loom |
| 11:46 | Research | Loom |
| 12:04 | Build | Mining Camp |
| 12:12 | Build | Blacksmith |
| 12:47 | Research | Castle Age |
| 12:47 | Research | Castle Age |
| 12:59 | Build | Mining Camp |
| 13:26 | Build | House |
| 13:59 | Build | Gate |
| 14:14 | Build | Gate |
| 14:58 | Build | Farm |
| 15:00 | Build | Farm |
| 15:27 | Age | Castle Age |
| 15:37 | Build | Castle |
| 16:04 | Build | Farm |
| 16:42 | Create | War Wagon |
| 16:42 | Create | War Wagon |
| 17:14 | Create | War Wagon |
| 17:14 | Create | War Wagon |
| 17:14 | Create | War Wagon |
| 17:57 | Build | Farm |
| 18:18 | Create | Petard |
| 18:25 | Create | Villager (Male) |
| 18:49 | Create | Petard |
| 18:50 | Create | Petard |
| 18:53 | Create | Villager (Male) |
| 19:33 | Create | Villager (Male) |
| 19:37 | Build | Farm |
| 19:47 | Create | War Wagon |
| 19:47 | Create | War Wagon |
| 19:48 | Create | War Wagon |
| 20:02 | Build | Stone Wall |
| 20:35 | Create | Villager (Male) |
| 21:13 | Research | Fletching |
| 21:14 | Create | War Wagon |
| 21:14 | Create | War Wagon |
| 21:14 | Create | War Wagon |
| 21:14 | Create | War Wagon |
| 22:11 | Create | Villager (Male) |
| 22:11 | Create | Villager (Male) |
| 22:18 | Build | Farm |
| 22:19 | Build | Farm |
| 23:38 | Create | Villager (Male) |
| 23:40 | Create | War Wagon |
| 23:40 | Create | War Wagon |
| 23:40 | Create | War Wagon |
| 23:40 | Create | War Wagon |
| 24:08 | Create | War Wagon |
| 24:08 | Create | War Wagon |
| 24:55 | Create | Villager (Male) |
| 24:55 | Create | Villager (Male) |
| 25:02 | Build | Town Center |
| 25:57 | Create | Villager (Male) |
| 25:57 | Create | Villager (Male) |
| 25:59 | Create | Villager (Male) |
| 26:00 | Create | Villager (Male) |
| 26:03 | Research | Horse Collar |
| 26:03 | Research | Horse Collar |
| 26:49 | Create | Villager (Male) |
| 26:53 | Research | Double-Bit Axe |
| 26:53 | Research | Double-Bit Axe |
| 27:09 | Build | House |
| 28:07 | Create | Villager (Male) |
| 28:08 | Create | Villager (Male) |
| 28:14 | Build | Farm |
| 28:14 | Build | Farm |
| 28:14 | Build | Farm |
| 28:15 | Build | Farm |
| 28:16 | Build | Farm |
| 28:19 | Create | Villager (Male) |
| 28:19 | Create | Villager (Male) |
| 28:20 | Build | Farm |
| 28:24 | Create | Villager (Male) |
| 28:24 | Create | Villager (Male) |
| 28:31 | Create | Villager (Male) |
| 28:58 | Build | Town Center |
| 29:08 | Create | Villager (Male) |
| 29:22 | Build | Town Center |
| 29:35 | Create | Villager (Male) |
| 29:36 | Create | Villager (Male) |
| 29:36 | Create | Villager (Male) |
| 29:50 | Research | Bow Saw |
| 29:51 | Create | Villager (Male) |
| 29:51 | Create | Villager (Male) |
| 30:15 | Create | Villager (Male) |
| 30:21 | Build | Farm |
| 30:25 | Build | Farm |
| 30:31 | Create | Villager (Male) |
| 30:39 | Build | Farm |
| 30:41 | Build | Farm |
| 30:42 | Build | Farm |
| 30:43 | Build | Farm |
| 30:44 | Build | Farm |
| 30:46 | Create | Villager (Male) |
| 30:51 | Create | Villager (Male) |
| 30:51 | Create | Villager (Male) |
| 30:56 | Create | Villager (Male) |
| 30:57 | Create | Villager (Male) |
| 31:15 | Build | Farm |
| 31:18 | Build | Farm |
| 31:19 | Build | Farm |
| 31:23 | Build | Farm |
| 31:24 | Create | Villager (Male) |
| 31:28 | Create | Villager (Male) |
| 31:35 | Build | Lumber Camp |
Build order — 爹地给你买冰红茶喝
First 150 of 413 actions detected
| 0:00 | Create | Villager (Male) |
| 0:01 | Create | Villager (Male) |
| 0:02 | Build | House |
| 0:04 | Build | House |
| 0:19 | Create | Villager (Male) |
| 0:19 | Create | Villager (Male) |
| 1:31 | Create | Villager (Male) |
| 1:31 | Create | Villager (Male) |
| 1:49 | Create | Villager (Male) |
| 2:06 | Create | Villager (Male) |
| 2:12 | Build | Lumber Camp |
| 2:30 | Create | Villager (Male) |
| 2:58 | Create | Villager (Male) |
| 2:59 | Create | Villager (Male) |
| 3:32 | Create | Villager (Male) |
| 3:33 | Create | Villager (Male) |
| 3:58 | Build | House |
| 4:02 | Build | House |
| 4:45 | Create | Villager (Male) |
| 4:46 | Create | Villager (Male) |
| 4:46 | Create | Villager (Male) |
| 4:46 | Create | Villager (Male) |
| 5:19 | Build | Mill |
| 5:20 | Create | Villager (Male) |
| 5:38 | Create | Villager (Male) |
| 5:38 | Create | Villager (Male) |
| 6:55 | Create | Villager (Male) |
| 6:55 | Create | Villager (Male) |
| 6:55 | Create | Villager (Male) |
| 7:16 | Create | Villager (Male) |
| 7:16 | Create | Villager (Male) |
| 7:16 | Create | Villager (Male) |
| 7:17 | Create | Villager (Male) |
| 8:15 | Research | Feudal Age |
| 8:15 | Research | Feudal Age |
| 8:30 | Create | Villager (Male) |
| 8:30 | Create | Villager (Male) |
| 10:25 | Age | Feudal Age |
| 10:27 | Build | Blacksmith |
| 10:30 | Build | Market |
| 10:48 | Research | Double-Bit Axe |
| 11:16 | Research | Castle Age |
| 11:16 | Research | Castle Age |
| 11:27 | Build | House |
| 12:05 | Research | Double-Bit Axe |
| 12:16 | Build | Barracks |
| 12:41 | Build | House |
| 12:42 | Build | House |
| 12:59 | Research | Horse Collar |
| 13:05 | Build | Farm |
| 13:05 | Build | Farm |
| 13:06 | Build | Farm |
| 13:06 | Build | Farm |
| 13:07 | Build | Farm |
| 13:45 | Create | Villager (Male) |
| 13:56 | Age | Castle Age |
| 13:58 | Build | Town Center |
| 14:03 | Build | Monastery |
| 14:10 | Create | Spearman |
| 14:26 | Create | Villager (Male) |
| 14:38 | Create | Spearman |
| 15:01 | Create | Monk |
| 15:08 | Build | Farm |
| 15:08 | Create | Villager (Male) |
| 15:09 | Create | Villager (Male) |
| 15:21 | Build | Farm |
| 15:22 | Create | Villager (Male) |
| 15:39 | Create | Spearman |
| 15:48 | Create | Villager (Male) |
| 15:52 | Build | Farm |
| 15:52 | Build | Farm |
| 16:17 | Create | Villager (Male) |
| 16:20 | Create | Villager (Male) |
| 16:26 | Build | Farm |
| 16:33 | Build | Farm |
| 16:33 | Build | Farm |
| 16:34 | Build | Farm |
| 16:39 | Build | Farm |
| 16:45 | Create | Villager (Male) |
| 16:45 | Create | Villager (Male) |
| 16:47 | Create | Villager (Male) |
| 16:47 | Create | Villager (Male) |
| 17:00 | Create | Spearman |
| 17:11 | Create | Villager (Male) |
| 17:11 | Create | Villager (Male) |
| 17:17 | Create | Villager (Male) |
| 17:22 | Build | Town Center |
| 17:33 | Create | Villager (Male) |
| 17:33 | Create | Villager (Male) |
| 17:36 | Build | Farm |
| 17:39 | Build | Farm |
| 17:46 | Create | Villager (Male) |
| 17:46 | Create | Villager (Male) |
| 17:47 | Create | Villager (Male) |
| 17:47 | Create | Villager (Male) |
| 18:07 | Create | Villager (Male) |
| 18:20 | Build | Farm |
| 18:20 | Build | Farm |
| 18:20 | Build | Farm |
| 18:21 | Build | Farm |
| 18:23 | Create | Villager (Male) |
| 18:24 | Create | Villager (Male) |
| 18:32 | Create | Villager (Male) |
| 18:43 | Build | House |
| 18:44 | Build | House |
| 18:45 | Build | House |
| 18:46 | Create | Villager (Male) |
| 18:46 | Create | Villager (Male) |
| 18:51 | Build | Farm |
| 18:52 | Create | Villager (Male) |
| 19:04 | Create | Villager (Male) |
| 19:04 | Create | Villager (Male) |
| 19:09 | Research | Bow Saw |
| 19:10 | Create | Villager (Male) |
| 19:16 | Create | Villager (Male) |
| 19:20 | Build | Farm |
| 19:22 | Build | Farm |
| 19:22 | Create | Villager (Male) |
| 19:28 | Build | Farm |
| 19:28 | Build | Farm |
| 19:29 | Build | Farm |
| 19:30 | Create | Villager (Male) |
| 19:50 | Create | Monk |
| 19:54 | Create | Villager (Male) |
| 19:54 | Create | Villager (Male) |
| 20:00 | Build | House |
| 20:01 | Build | House |
| 20:01 | Build | House |
| 20:01 | Build | House |
| 20:02 | Build | House |
| 20:02 | Build | House |
| 20:02 | Build | House |
| 20:02 | Build | House |
| 20:05 | Create | Villager (Male) |
| 20:06 | Create | Villager (Male) |
| 20:09 | Create | Villager (Male) |
| 20:18 | Create | Villager (Male) |
| 20:30 | Create | Villager (Male) |
| 20:30 | Create | Villager (Male) |
| 20:33 | Build | Farm |
| 20:33 | Build | Farm |
| 20:34 | Build | Farm |
| 20:34 | Build | Farm |
| 20:35 | Create | Villager (Male) |
| 20:48 | Research | Heavy Plow |
| 20:48 | Research | Heavy Plow |
| 20:54 | Create | Villager (Male) |
| 20:55 | Create | Villager (Male) |
| 20:55 | Create | Villager (Male) |
| 20:59 | Research | Fervor |
Build order — Bakamaka
First 150 of 431 actions detected
| 0:05 | Build | House |
| 0:05 | Create | Villager (Male) |
| 0:06 | Build | House |
| 0:08 | Create | Villager (Male) |
| 0:12 | Create | Villager (Male) |
| 0:15 | Create | Villager (Male) |
| 1:14 | Create | Villager (Male) |
| 1:42 | Create | Villager (Male) |
| 2:07 | Create | Villager (Male) |
| 2:29 | Build | Lumber Camp |
| 2:57 | Create | Villager (Male) |
| 2:58 | Create | Villager (Male) |
| 3:02 | Create | Villager (Male) |
| 3:23 | Create | Villager (Male) |
| 3:53 | Create | Villager (Male) |
| 4:06 | Build | House |
| 4:07 | Build | House |
| 4:20 | Create | Villager (Male) |
| 4:51 | Create | Villager (Male) |
| 4:55 | Create | Villager (Male) |
| 5:23 | Build | Mill |
| 5:26 | Create | Villager (Male) |
| 5:36 | Create | Villager (Male) |
| 5:38 | Create | Villager (Male) |
| 6:04 | Build | House |
| 6:18 | Create | Villager (Male) |
| 7:39 | Create | Villager (Male) |
| 7:45 | Build | Mining Camp |
| 8:21 | Research | Feudal Age |
| 9:58 | Create | Villager (Male) |
| 9:58 | Create | Villager (Male) |
| 10:39 | Age | Feudal Age |
| 10:46 | Build | Market |
| 10:49 | Build | Blacksmith |
| 11:42 | Research | Castle Age |
| 12:27 | Research | Double-Bit Axe |
| 12:40 | Build | Farm |
| 12:41 | Build | Farm |
| 12:42 | Build | Farm |
| 12:49 | Build | House |
| 12:54 | Build | House |
| 13:00 | Build | Farm |
| 13:58 | Build | House |
| 14:00 | Build | House |
| 14:01 | Build | House |
| 14:22 | Age | Castle Age |
| 14:27 | Create | Villager (Male) |
| 14:30 | Build | Town Center |
| 14:42 | Build | Town Center |
| 14:49 | Build | Monastery |
| 14:51 | Research | Bow Saw |
| 14:52 | Create | Villager (Male) |
| 14:56 | Build | Farm |
| 14:59 | Create | Villager (Male) |
| 15:20 | Build | Farm |
| 15:27 | Create | Villager (Male) |
| 15:54 | Create | Villager (Male) |
| 16:04 | Build | House |
| 16:04 | Build | House |
| 16:06 | Create | Monk |
| 16:17 | Create | Villager (Male) |
| 16:18 | Build | Farm |
| 16:19 | Build | Farm |
| 16:24 | Build | Farm |
| 16:25 | Create | Villager (Male) |
| 16:35 | Build | Farm |
| 16:36 | Build | Farm |
| 16:37 | Build | Farm |
| 16:41 | Build | Farm |
| 16:43 | Create | Villager (Male) |
| 17:03 | Build | Farm |
| 17:04 | Create | Villager (Male) |
| 17:05 | Build | Farm |
| 17:08 | Build | Farm |
| 17:18 | Create | Villager (Male) |
| 17:18 | Create | Villager (Male) |
| 17:23 | Build | Farm |
| 17:24 | Create | Villager (Male) |
| 17:24 | Create | Villager (Male) |
| 17:36 | Create | Villager (Male) |
| 17:40 | Create | Villager (Male) |
| 17:40 | Create | Villager (Male) |
| 17:47 | Create | Villager (Male) |
| 17:53 | Create | Villager (Male) |
| 17:58 | Create | Monk |
| 18:01 | Create | Villager (Male) |
| 18:07 | Build | Farm |
| 18:08 | Build | Farm |
| 18:10 | Create | Villager (Male) |
| 18:10 | Create | Villager (Male) |
| 18:14 | Build | Farm |
| 18:26 | Build | Farm |
| 18:26 | Create | Villager (Male) |
| 18:37 | Create | Villager (Male) |
| 18:38 | Create | Villager (Male) |
| 18:51 | Create | Villager (Male) |
| 18:55 | Build | Farm |
| 18:56 | Create | Villager (Male) |
| 18:58 | Build | Farm |
| 18:59 | Build | Farm |
| 19:07 | Create | Villager (Male) |
| 19:12 | Create | Villager (Male) |
| 19:25 | Create | Villager (Male) |
| 19:28 | Create | Villager (Male) |
| 19:33 | Build | Town Center |
| 19:37 | Create | Villager (Male) |
| 19:41 | Build | Farm |
| 19:48 | Create | Villager (Male) |
| 19:59 | Create | Villager (Male) |
| 20:04 | Create | Villager (Male) |
| 20:07 | Build | Farm |
| 20:07 | Build | Farm |
| 20:09 | Create | Villager (Male) |
| 20:18 | Create | Villager (Male) |
| 20:22 | Create | Villager (Male) |
| 20:27 | Build | House |
| 20:27 | Build | House |
| 20:28 | Build | House |
| 20:39 | Create | Villager (Male) |
| 20:42 | Research | Town Watch |
| 20:43 | Create | Villager (Male) |
| 20:44 | Create | Villager (Male) |
| 20:47 | Build | Outpost |
| 20:57 | Build | Farm |
| 20:57 | Build | Farm |
| 20:57 | Build | Farm |
| 20:58 | Build | Farm |
| 20:59 | Create | Villager (Male) |
| 21:02 | Build | Farm |
| 21:03 | Build | Farm |
| 21:03 | Create | Villager (Male) |
| 21:05 | Create | Monk |
| 21:25 | Create | Villager (Male) |
| 21:38 | Create | Villager (Male) |
| 21:40 | Create | Villager (Male) |
| 21:43 | Create | Villager (Male) |
| 21:47 | Build | Barracks |
| 21:53 | Create | Villager (Male) |
| 21:55 | Create | Monk |
| 22:01 | Create | Villager (Male) |
| 22:02 | Build | Farm |
| 22:05 | Create | Villager (Male) |
| 22:08 | Build | Farm |
| 22:09 | Build | Farm |
| 22:11 | Create | Villager (Male) |
| 22:23 | Create | Villager (Male) |
| 22:23 | Create | Villager (Male) |
| 22:24 | Research | Wheelbarrow |
| 22:27 | Create | Villager (Male) |
| 22:31 | Create | Villager (Male) |
Build order — 叶落
First 150 of 409 actions detected
| 0:00 | Create | Villager (Male) |
| 0:00 | Create | Villager (Male) |
| 0:00 | Create | Villager (Male) |
| 0:01 | Create | Villager (Male) |
| 0:01 | Create | Villager (Male) |
| 0:03 | Build | House |
| 0:04 | Build | House |
| 1:27 | Create | Villager (Male) |
| 1:50 | Create | Villager (Male) |
| 1:58 | Build | Lumber Camp |
| 2:05 | Create | Villager (Male) |
| 2:54 | Create | Villager (Male) |
| 2:54 | Create | Villager (Male) |
| 3:10 | Create | Villager (Male) |
| 3:12 | Create | Villager (Male) |
| 3:35 | Create | Villager (Male) |
| 3:48 | Build | House |
| 4:06 | Create | Villager (Male) |
| 4:10 | Build | House |
| 4:24 | Create | Villager (Male) |
| 4:36 | Build | Mill |
| 4:45 | Build | House |
| 4:54 | Create | Villager (Male) |
| 4:54 | Create | Villager (Male) |
| 5:40 | Create | Villager (Male) |
| 5:46 | Build | Farm |
| 5:48 | Build | Farm |
| 6:00 | Create | Villager (Male) |
| 6:00 | Create | Villager (Male) |
| 6:22 | Create | Villager (Male) |
| 6:22 | Create | Villager (Male) |
| 6:46 | Create | Villager (Male) |
| 7:00 | Build | Mining Camp |
| 7:16 | Research | Feudal Age |
| 7:51 | Create | Villager (Male) |
| 7:51 | Create | Villager (Male) |
| 9:40 | Age | Feudal Age |
| 9:42 | Build | Market |
| 9:44 | Build | Blacksmith |
| 10:32 | Research | Castle Age |
| 10:37 | Build | House |
| 10:45 | Build | Lumber Camp |
| 11:03 | Research | Double-Bit Axe |
| 11:37 | Research | Horse Collar |
| 11:53 | Create | Villager (Male) |
| 11:53 | Create | Villager (Male) |
| 13:12 | Age | Castle Age |
| 13:14 | Build | Town Center |
| 13:15 | Create | Villager (Male) |
| 13:19 | Build | Town Center |
| 13:29 | Create | Villager (Male) |
| 14:00 | Create | Villager (Male) |
| 14:05 | Build | Farm |
| 14:07 | Build | Farm |
| 14:08 | Build | Farm |
| 14:15 | Build | Farm |
| 14:17 | Build | Farm |
| 14:34 | Create | Villager (Male) |
| 14:46 | Create | Villager (Male) |
| 14:54 | Create | Villager (Male) |
| 14:56 | Create | Villager (Male) |
| 14:59 | Build | Farm |
| 15:03 | Build | Farm |
| 15:08 | Create | Villager (Male) |
| 15:19 | Build | Farm |
| 15:23 | Create | Villager (Male) |
| 15:33 | Create | Villager (Male) |
| 15:53 | Build | Farm |
| 15:54 | Build | Farm |
| 15:55 | Build | Farm |
| 15:56 | Create | Villager (Male) |
| 16:01 | Create | Villager (Male) |
| 16:07 | Build | House |
| 16:13 | Build | House |
| 16:14 | Build | House |
| 16:23 | Build | Farm |
| 16:24 | Build | Farm |
| 16:25 | Create | Villager (Male) |
| 16:32 | Build | Farm |
| 16:34 | Create | Villager (Male) |
| 16:39 | Create | Villager (Male) |
| 16:49 | Build | Farm |
| 16:51 | Create | Villager (Male) |
| 16:57 | Build | Farm |
| 17:02 | Build | Farm |
| 17:04 | Create | Villager (Male) |
| 17:07 | Create | Villager (Male) |
| 17:12 | Build | House |
| 17:13 | Build | House |
| 17:15 | Create | Villager (Male) |
| 17:28 | Build | Farm |
| 17:34 | Create | Villager (Male) |
| 17:36 | Create | Villager (Male) |
| 17:39 | Build | Farm |
| 17:40 | Create | Villager (Male) |
| 17:43 | Build | Farm |
| 17:45 | Create | Villager (Male) |
| 18:03 | Build | Farm |
| 18:04 | Create | Villager (Male) |
| 18:07 | Create | Villager (Male) |
| 18:11 | Create | Villager (Male) |
| 18:11 | Create | Villager (Male) |
| 18:19 | Create | Villager (Male) |
| 18:37 | Create | Villager (Male) |
| 18:37 | Create | Villager (Male) |
| 18:43 | Build | Town Center |
| 18:55 | Create | Villager (Male) |
| 19:02 | Build | House |
| 19:03 | Build | House |
| 19:07 | Create | Villager (Male) |
| 19:09 | Create | Villager (Male) |
| 19:17 | Create | Villager (Male) |
| 19:20 | Build | Outpost |
| 19:25 | Create | Villager (Male) |
| 19:25 | Create | Villager (Male) |
| 19:29 | Build | House |
| 19:31 | Build | House |
| 19:32 | Create | Villager (Male) |
| 19:36 | Create | Villager (Male) |
| 19:36 | Create | Villager (Male) |
| 19:39 | Create | Villager (Male) |
| 19:54 | Create | Villager (Male) |
| 19:59 | Build | Town Center |
| 20:09 | Create | Villager (Male) |
| 20:12 | Build | House |
| 20:15 | Research | Wheelbarrow |
| 20:19 | Build | Outpost |
| 20:21 | Create | Villager (Male) |
| 20:27 | Build | House |
| 20:30 | Create | Villager (Male) |
| 20:31 | Create | Villager (Male) |
| 20:34 | Build | Farm |
| 20:35 | Build | Farm |
| 20:36 | Create | Villager (Male) |
| 20:40 | Build | Farm |
| 20:43 | Build | Farm |
| 20:44 | Create | Villager (Male) |
| 20:47 | Build | Farm |
| 20:49 | Create | Villager (Male) |
| 20:51 | Create | Villager (Male) |
| 21:00 | Create | Villager (Male) |
| 21:00 | Create | Villager (Male) |
| 21:05 | Research | Stone Mining |
| 21:12 | Build | Farm |
| 21:16 | Build | Farm |
| 21:16 | Create | Villager (Male) |
| 21:19 | Build | Farm |
| 21:25 | Create | Villager (Male) |
| 21:27 | Build | Farm |
| 21:29 | Create | Villager (Male) |
Build order — shikashoura
First 150 of 382 actions detected
| 0:02 | Create | Villager (Male) |
| 0:02 | Create | Villager (Male) |
| 0:10 | Create | Villager (Male) |
| 0:10 | Create | Villager (Male) |
| 1:28 | Create | Villager (Male) |
| 1:44 | Create | Villager (Male) |
| 2:24 | Create | Villager (Male) |
| 2:50 | Create | Villager (Male) |
| 2:54 | Create | Villager (Male) |
| 3:01 | Build | Lumber Camp |
| 3:15 | Create | Villager (Male) |
| 3:28 | Create | Villager (Male) |
| 4:12 | Create | Villager (Male) |
| 4:13 | Create | Villager (Male) |
| 4:32 | Create | Villager (Male) |
| 5:02 | Create | Villager (Male) |
| 5:24 | Create | Villager (Male) |
| 5:29 | Build | Mill |
| 6:11 | Create | Villager (Male) |
| 6:30 | Build | Farm |
| 6:41 | Build | Farm |
| 6:49 | Create | Villager (Male) |
| 7:08 | Build | Farm |
| 7:29 | Create | Villager (Male) |
| 7:38 | Build | Farm |
| 7:54 | Create | Villager (Male) |
| 8:19 | Research | Feudal Age |
| 8:20 | Build | Mining Camp |
| 8:48 | Create | Villager (Male) |
| 8:49 | Create | Villager (Male) |
| 10:32 | Age | Feudal Age |
| 10:36 | Build | Blacksmith |
| 10:41 | Build | Market |
| 11:29 | Research | Castle Age |
| 11:35 | Research | Double-Bit Axe |
| 12:52 | Create | Villager (Male) |
| 13:18 | Create | Villager (Male) |
| 14:09 | Age | Castle Age |
| 14:12 | Build | Town Center |
| 14:17 | Build | Town Center |
| 14:21 | Research | Bow Saw |
| 14:38 | Research | Horse Collar |
| 14:43 | Create | Villager (Male) |
| 14:53 | Create | Villager (Male) |
| 15:19 | Create | Villager (Male) |
| 15:25 | Create | Villager (Male) |
| 15:27 | Research | Heavy Plow |
| 15:38 | Create | Villager (Male) |
| 15:40 | Create | Villager (Male) |
| 15:48 | Create | Villager (Male) |
| 15:50 | Build | Farm |
| 15:53 | Build | Farm |
| 16:03 | Create | Villager (Male) |
| 16:07 | Build | Farm |
| 16:09 | Create | Villager (Male) |
| 16:17 | Create | Villager (Male) |
| 16:19 | Build | Farm |
| 16:21 | Build | Farm |
| 16:23 | Build | Farm |
| 16:27 | Create | Villager (Male) |
| 16:32 | Create | Villager (Male) |
| 16:35 | Build | Farm |
| 16:36 | Create | Villager (Male) |
| 16:57 | Create | Villager (Male) |
| 17:00 | Build | Farm |
| 17:08 | Create | Villager (Male) |
| 17:10 | Build | Farm |
| 17:23 | Create | Villager (Male) |
| 17:26 | Build | Farm |
| 17:28 | Build | Farm |
| 17:46 | Create | Villager (Male) |
| 17:47 | Create | Villager (Male) |
| 17:58 | Build | Town Center |
| 18:07 | Build | Farm |
| 18:10 | Build | Farm |
| 18:30 | Create | Villager (Male) |
| 18:30 | Create | Villager (Male) |
| 18:34 | Build | Barracks |
| 18:38 | Build | Farm |
| 18:40 | Build | Farm |
| 18:42 | Create | Villager (Male) |
| 18:51 | Build | Farm |
| 18:54 | Create | Villager (Male) |
| 19:02 | Build | Farm |
| 19:06 | Build | Farm |
| 19:06 | Create | Villager (Male) |
| 19:12 | Create | Villager (Male) |
| 19:15 | Build | Farm |
| 19:20 | Build | Farm |
| 19:21 | Build | Stable |
| 19:23 | Create | Villager (Male) |
| 19:27 | Build | Farm |
| 19:32 | Create | Villager (Male) |
| 19:36 | Create | Villager (Male) |
| 19:50 | Create | Villager (Male) |
| 19:52 | Build | Farm |
| 19:54 | Build | Farm |
| 19:56 | Build | Farm |
| 19:58 | Create | Villager (Male) |
| 20:04 | Build | Stable |
| 20:09 | Build | Farm |
| 20:11 | Create | Knight |
| 20:11 | Create | Villager (Male) |
| 20:12 | Create | Villager (Male) |
| 20:18 | Create | Villager (Male) |
| 20:25 | Build | Farm |
| 20:30 | Create | Knight |
| 20:34 | Create | Villager (Male) |
| 20:37 | Build | Farm |
| 20:38 | Build | Farm |
| 20:42 | Create | Knight |
| 20:46 | Create | Knight |
| 20:50 | Create | Knight |
| 20:54 | Create | Villager (Male) |
| 20:56 | Build | Farm |
| 21:01 | Build | Farm |
| 21:02 | Build | Farm |
| 21:08 | Create | Knight |
| 21:08 | Create | Knight |
| 21:25 | Create | Villager (Male) |
| 21:25 | Create | Villager (Male) |
| 21:29 | Build | Farm |
| 21:30 | Build | Farm |
| 21:32 | Build | Monastery |
| 21:46 | Create | Villager (Male) |
| 21:48 | Research | Scale Barding Armor |
| 21:51 | Build | Lumber Camp |
| 21:54 | Build | Farm |
| 21:55 | Build | Farm |
| 21:56 | Create | Villager (Male) |
| 21:57 | Create | Villager (Male) |
| 21:57 | Create | Villager (Male) |
| 22:01 | Create | Knight |
| 22:07 | Create | Villager (Male) |
| 22:35 | Create | Villager (Male) |
| 22:35 | Create | Villager (Male) |
| 22:35 | Create | Villager (Male) |
| 22:39 | Build | University |
| 22:45 | Create | Villager (Male) |
| 22:56 | Create | Villager (Male) |
| 22:56 | Create | Villager (Male) |
| 22:58 | Build | Farm |
| 22:59 | Research | Wheelbarrow |
| 23:00 | Build | Farm |
| 23:01 | Create | Villager (Male) |
| 23:02 | Create | Villager (Male) |
| 23:15 | Create | Villager (Male) |
| 23:17 | Build | Farm |
| 23:28 | Create | Villager (Male) |
| 23:32 | Build | Mill |
Match timeline
| 9:23 | xxxyh · age_up feudal |
| 9:37 | Vạn Lý Độc Hành · wall_segment Palisade Wall x8 |
| 9:40 | 叶落 · age_up feudal |
| 9:53 | JustShutUpandCarryMe · first_building Barracks |
| 10:25 | 爹地给你买冰红茶喝 · age_up feudal |
| 10:32 | shikashoura · age_up feudal |
| 10:39 | Bakamaka · age_up feudal |
| 10:40 | Vạn Lý Độc Hành · age_up feudal |
| 11:15 | Citlali · age_up feudal |
| 11:15 | 爹地给你买冰红茶喝 · first_market_sell 100 wood |
| 11:32 | JustShutUpandCarryMe · age_up feudal |
| 12:16 | 爹地给你买冰红茶喝 · first_building Barracks |
| 12:19 | JustShutUpandCarryMe · first_building Siege Workshop |
| 13:12 | 叶落 · age_up castle |
| 13:34 | xxxyh · wall_segment Palisade Wall x1 |
| 13:36 | xxxyh · wall_segment Palisade Wall x1 |
| 13:37 | xxxyh · wall_segment Palisade Wall x1 |
| 13:56 | 爹地给你买冰红茶喝 · age_up castle |
| 14:01 | xxxyh · wall_segment Stone Wall x1 |
| 14:01 | xxxyh · wall_segment Stone Wall x1 |
| 14:03 | 爹地给你买冰红茶喝 · first_building Monastery |
| 14:09 | shikashoura · age_up castle |
| 14:22 | Bakamaka · age_up castle |
| 14:23 | xxxyh · wall_segment Palisade Wall x1 |
| 14:24 | xxxyh · wall_segment Palisade Wall x1 |
| 14:40 | Citlali · wall_segment Stone Wall x2 |
| 14:49 | Bakamaka · first_building Monastery |
| 15:00 | Citlali · wall_segment Stone Wall x6 |
| 15:03 | Citlali · age_up castle |
| 15:15 | Citlali · wall_segment Stone Wall x1 |
| 15:27 | Vạn Lý Độc Hành · age_up castle |
| 15:32 | Vạn Lý Độc Hành · first_market_buy 100 stone |
| 15:37 | Vạn Lý Độc Hành · first_building Castle |
| 16:31 | Citlali · wall_segment Stone Wall x1 |
| 16:34 | Citlali · wall_segment Stone Wall x1 |
| 17:39 | Bakamaka · first_market_buy 100 food |
| 17:43 | Citlali · wall_segment Stone Wall x2 |
| 18:34 | shikashoura · first_building Barracks |
| 18:37 | Citlali · wall_segment Stone Wall x1 |
| 18:59 | Citlali · wall_segment Stone Wall x2 |
| 19:21 | Citlali · first_building Siege Workshop |
| 19:21 | shikashoura · first_building Stable |
| 19:46 | xxxyh · wall_segment Stone Wall x1 |
| 20:02 | Vạn Lý Độc Hành · wall_segment Stone Wall x1 |
| 20:39 | xxxyh · wall_segment Stone Wall x3 |
| 21:03 | xxxyh · wall_segment Stone Wall x1 |
| 21:32 | shikashoura · first_building Monastery |
| 21:47 | Bakamaka · first_building Barracks |
| 23:27 | xxxyh · wall_segment Stone Wall x1 |
| 23:41 | Bakamaka · first_building Stable |
| 23:54 | JustShutUpandCarryMe · first_market_buy 100 wood |
| 24:40 | 叶落 · first_building Castle |
| 24:41 | Citlali · first_building Monastery |
| 24:59 | xxxyh · age_up castle |
| 25:40 | shikashoura · first_market_sell 100 food |
| 26:18 | shikashoura · first_building Castle |
| 26:29 | JustShutUpandCarryMe · age_up castle |
| 26:31 | 叶落 · first_market_sell 100 wood |
| 26:54 | 爹地给你买冰红茶喝 · first_building Castle |
| 27:24 | 叶落 · first_building Barracks |
| 27:51 | Bakamaka · first_market_sell 100 food |
| 27:53 | 爹地给你买冰红茶喝 · first_building Archery Range |
| 28:16 | xxxyh · first_building Castle |
| 28:28 | 叶落 · first_building Archery Range |
| 28:39 | 叶落 · first_building Stable |
| 28:52 | shikashoura · age_up imperial |
| 28:54 | Bakamaka · first_building Castle |
| 29:26 | 爹地给你买冰红茶喝 · age_up imperial |
| 29:36 | 叶落 · first_market_buy 100 stone |
| 29:44 | 叶落 · age_up imperial |
| 31:21 | Bakamaka · age_up imperial |
| 32:30 | Bakamaka · first_building Archery Range |
| 33:04 | Citlali · first_building Castle |
| 33:25 | xxxyh · wall_segment Stone Wall x4 |
| 33:28 | 爹地给你买冰红茶喝 · wall_segment Stone Wall x5 |
| 33:33 | 爹地给你买冰红茶喝 · wall_segment Stone Wall x3 |
| 33:36 | xxxyh · wall_segment Stone Wall x8 |
| 34:14 | Citlali · first_building Barracks |
| 34:37 | JustShutUpandCarryMe · first_building Monastery |
| 34:47 | xxxyh · wall_segment Stone Wall x1 |
| 34:48 | xxxyh · wall_segment Stone Wall x1 |
| 34:49 | xxxyh · wall_segment Stone Wall x1 |
| 34:49 | xxxyh · wall_segment Stone Wall x1 |
| 34:50 | xxxyh · wall_segment Stone Wall x1 |
| 34:50 | xxxyh · wall_segment Stone Wall x1 |
| 34:51 | xxxyh · wall_segment Stone Wall x1 |
| 34:52 | xxxyh · wall_segment Stone Wall x1 |
| 34:52 | xxxyh · wall_segment Stone Wall x1 |
| 35:15 | Citlali · first_building Archery Range |
| 35:49 | Citlali · age_up imperial |
| 35:56 | xxxyh · wall_segment Stone Wall x1 |
| 35:58 | xxxyh · wall_segment Stone Wall x1 |
| 35:59 | xxxyh · wall_segment Stone Wall x1 |
| 36:02 | xxxyh · wall_segment Stone Wall x1 |
| 36:07 | Citlali · first_market_sell 100 food |
| 36:14 | xxxyh · wall_segment Stone Wall x1 |
| 36:15 | 爹地给你买冰红茶喝 · wall_segment Stone Wall x5 |
| 36:17 | xxxyh · wall_segment Stone Wall x1 |
| 36:30 | Vạn Lý Độc Hành · first_building Barracks |
| 36:46 | 爹地给你买冰红茶喝 · first_market_buy 100 food |
| 36:51 | xxxyh · wall_segment Stone Wall x1 |
| 36:53 | xxxyh · wall_segment Stone Wall x1 |
| 37:01 | JustShutUpandCarryMe · first_building Stable |
| 38:35 | xxxyh · wall_segment Stone Wall x1 |
| 39:01 | JustShutUpandCarryMe · first_building Castle |
| 39:05 | JustShutUpandCarryMe · age_up imperial |
| 39:15 | 叶落 · wall_segment Stone Wall x1 |
| 39:22 | 叶落 · wall_segment Stone Wall x1 |
| 39:25 | Vạn Lý Độc Hành · age_up imperial |
| 39:37 | xxxyh · first_building Siege Workshop |
| 39:46 | 叶落 · resign |
[ AI ANALYSIS · 1 CREDIT ]
What really happened in this match?
Wolo.gg analyzes every decision: build order, eco, micro, common mistakes by bracket. Personalized analysis on WhatsApp or Discord in 30 seconds.
Civ guide
Teutons
Perfil
Jugador #9087958